AoeStats
← Tonyshark

Arena

510848863Analyzed
3v3 RM · 16h ago on Oct 2, 2026· 59m 42s· 6 players
Game mode
Random Map
Map size
Normal (6 player)
Population
200
Speed
Normal
Resources
Standard
Victory
Conquest
Starting age
Dark Age
Ending age
Imperial Age
RankedLock teamsTeams togetherTeam positionsShared explorationLock speedFull tech treeHidden civsTurbo modeCheats
Victory
Defeat
🇮🇹 Goths · Italy
575
+12
🇮🇹 Bohemians · Italy
445
+18
🇮🇹 Chinese · Italy
413
+19
🇰🇬 Shu · Kyrgyzstan
519
-18
🇰🇬 Danes · Kyrgyzstan
465
-16
🇩🇪 Spanish · Germany
464
-15
Jokerblak3
9:39 Loom
13:27 Feudal Age
13:59 Horse Collar
14:32 Double-Bit Axe
16:26 Wheelbarrow
16:44 Town Watch
25:11 Castle Age
24:40 Forging
25:10 Scale Mail Armor
27:02 Coinage
27:23 Heavy Plow
27:43 Hand Cart
28:26 Iron Casting
28:14 Town Watch
28:52 Caravan
30:39 Bow Saw
32:02 Wagenburg Tactics
33:40 Chain Mail Armor
33:28 Padded Archer Armor
33:19 Fletching
35:52 Siphons
36:48 Chemistry
36:49 Leather Archer Armor
36:30 Bodkin Arrow
36:40 Town Patrol
41:43 Imperial Age
43:52 Ballistics
45:09 Man-at-Arms
45:10 Pikeman
45:51 Squires
47:14 Halberdier
47:14 Long Swordsman
47:43 Arson
48:56 Elite Hussite Wagon
49:44 Hussite Reforms
49:16 Two-Handed Swordsman
52:29 Blast Furnace
51:30 Bracer
52:01 Plate Mail Armor
52:02 Ring Archer Armor
51:38 Scale Barding Armor
51:32 Champion
Tonyshark
1:26 Loom
11:43 Feudal Age
13:14 Wheelbarrow
12:31 Double-Bit Axe
12:29 Horse Collar
18:20 Gold Mining
18:25 Stone Mining
24:14 Castle Age
24:59 Heavy Plow
25:12 Bow Saw
24:35 Elite Skirmisher
28:37 Heated Shot
30:13 Padded Archer Armor
30:19 Scale Barding Armor
30:14 Scale Mail Armor
31:45 Hand Cart
32:51 Ballistics
34:56 Gold Shaft Mining
34:59 Stone Shaft Mining
41:02 Imperial Age
39:23 Husbandry
39:37 Bloodlines
38:48 Light Cavalry
39:55 Squires
39:15 Pikeman
39:16 Man-at-Arms
39:42 Arson
40:11 Caravan
41:17 Fortified Wall
41:10 Elite Fire Lancer
41:19 Long Swordsman
41:33 Heavy Rocket Cart
42:15 Town Watch
44:12 Chemistry
43:51 Coinage
43:46 Cavalier
44:17 Heavy Scorpion
46:24 Great Wall
46:45 Conscription
48:08 Two-Man Saw
47:43 Halberdier
47:45 Two-Handed Swordsman
50:15 Bombard Tower
50:14 Leather Archer Armor
49:50 Fletching
50:10 Forging
50:16 Chain Mail Armor
50:21 Chain Barding Armor
50:35 Banking
52:06 Rocketry
52:38 Ring Archer Armor
52:04 Bodkin Arrow
52:51 Champion
Avalkyr
6:19 Loom
12:43 Feudal Age
13:04 Horse Collar
13:13 Double-Bit Axe
15:41 Gold Mining
16:40 Stone Mining
20:05 Castle Age
18:13 Town Watch
20:55 Bow Saw
20:47 Heavy Plow
21:50 Stone Shaft Mining
22:07 Fervor
22:01 Man-at-Arms
23:30 Wheelbarrow
23:10 Long Swordsman
28:03 Squires
28:51 Hand Cart
37:25 Imperial Age
37:07 Forging
36:58 Scale Mail Armor
38:34 Conscription
37:39 Two-Handed Swordsman
39:22 Champion
44:04 Two-Man Saw
43:46 Iron Casting
43:27 Chain Mail Armor
46:06 Pikeman
47:52 Blast Furnace
46:54 Padded Archer Armor
46:45 Fletching
47:16 Perfusion
kurmanaliev969
2:45 Loom
9:42 Feudal Age
11:08 Double-Bit Axe
11:39 Horse Collar
22:32 Castle Age
20:33 Gold Mining
20:34 Stone Mining
24:17 Bow Saw
24:10 Heavy Plow
25:06 Stone Shaft Mining
28:16 Pikeman
28:32 Elite Skirmisher
35:02 Imperial Age
33:17 Wheelbarrow
35:55 Fortified Wall
38:03 Man-at-Arms
38:30 Gambesons
39:25 Hand Cart
49:51 Elite Conquistador
53:03 Caravan
53:43 Ballistics
54:11 Long Swordsman
RaphiniaOneLove
10:55 Feudal Age
11:22 Double-Bit Axe
11:19 Horse Collar
13:39 Wheelbarrow
17:23 Loom
18:52 Stone Mining
18:52 Gold Mining
23:02 Castle Age
24:09 Heavy Plow
24:22 Bow Saw
24:51 Stone Shaft Mining
24:51 Gold Shaft Mining
25:03 Hand Cart
32:51 Pikeman
38:20 Imperial Age
35:30 Hamask
39:41 Halberdier
40:22 Squires
40:07 Arson
40:08 Gambesons
43:55 Onager
47:10 Caravan
47:40 Coinage
46:59 Siege Onager
51:27 Elite Jomsviking
53:17 Northmen's Fury
Karcoza
10:04 Feudal Age
10:41 Double-Bit Axe
14:57 Horse Collar
19:32 Castle Age
20:12 Fletching
20:22 Padded Archer Armor
20:39 Forging
20:32 Gold Mining
25:01 Pikeman
25:09 Elite Skirmisher
25:55 Thumb Ring
25:11 Crossbowman
38:04 Ballistics
38:18 Caravan
40:54 Imperial Age
39:00 Wheelbarrow
39:07 Wheelbarrow
41:02 Bodkin Arrow
41:23 Leather Archer Armor
42:07 Arbalester
42:08 Heavy Cavalry Archer
45:30 Bolt Magazine
47:06 Onager
48:04 Heavy Hei Guang Cavalry
48:49 Husbandry
Connection lost

Rejoining the realm…

Still unreachable

The connection could not be restored.

Session expired

The server has moved on; the page needs a fresh start.